 Dungeon Crawl Stone Soup version 0.31.0-11-ge490571c62 (webtiles) character file.

Game seed: 18228308701171213875

19 Silvore the Trooper (level 2, 0/24 HPs)
             Began as a Demonspawn Fighter on Feb 7, 2024.
             Slain by a hobgoblin (4 damage)
             ... on level 1 of the Dungeon.
             The game lasted 00:00:42 (600 turns).

Silvore the Trooper (Demonspawn Fighter)             Turns: 600, Time: 00:00:42

Health: 0/24       AC:  6    Str: 16    XL:     2   Next: 55%
Magic:  2/2        EV: 10    Int:  8    God:
Gold:   21         SH:  4    Dex: 12    Spells: 1/1 levels left

rFire   . . .        a - +0 long sword
rCold   . . .        c - +0 buckler
rNeg    . . .        b - +0 scale mail
rPois   .            (no helmet)
rElec   .            (no cloak)
rCorr   .            (no gloves)
SInv    .            (no boots)
Will    .....        (no amulet) Stlth
                     (no ring)
HPRegen 0.24/turn    (no ring)
MPRegen 0.08/turn

%: no passive effects
@: no status effects
A: repulsion field 1
a: no special abilities


You were on level 1 of the Dungeon.
You visited 1 branch of the dungeon, and saw 1 of its levels.

You collected 21 gold pieces.

Inventory:

Hand Weapons
 a - a +0 long sword (weapon)
Armour
 b - a +0 scale mail (worn)
 c - a +0 buckler (worn)
Scrolls
 e - a scroll of teleportation {unknown}
Potions
 d - a potion of might


   Skills:
 + Level 3.3 Fighting
 + Level 2.2 Long Blades
 + Level 2.8 Armour
 + Level 0.1 Dodging
 + Level 2.8 Shields


You had one spell level left.
You didn't know any spells.
Your spell library was empty.

Dungeon Overview and Level Annotations

Branches:
Dungeon (1/15)

Altars:


Innate Abilities, Weirdness & Mutations

You are surrounded by a mild repulsion field. (EV +2)


Message History

The rat closely misses you.
The hobgoblin hits you but does no damage.
The rat barely misses you.
The hobgoblin hits you but does no damage.
The rat barely misses you.
The hobgoblin hits you but does no damage.
The rat bites you. The hobgoblin barely misses you. You block the rat's attack.
The hobgoblin closely misses you. The rat barely misses you.
You block the hobgoblin's attack. The rat bites you.
The hobgoblin hits you but does no damage.
You block the rat's attack.
The hobgoblin hits you but does no damage.
The rat closely misses you. The hobgoblin hits you. The rat barely misses you.
The hobgoblin closely misses you. The rat bites you but does no damage.
The hobgoblin barely misses you. You block the rat's attack.
The hobgoblin barely misses you. The rat bites you but does no damage.
The hobgoblin barely misses you. The rat bites you but does no damage.
You block the hobgoblin's attack. The rat bites you but does no damage.
The hobgoblin barely misses you. The rat bites you.
The hobgoblin barely misses you. The rat bites you but does no damage.
The hobgoblin hits you. The rat bites you but does no damage.
You block the hobgoblin's attack. The rat bites you. The hobgoblin hits you.
* * * LOW HITPOINT WARNING * * *
The rat misses you.
The hobgoblin hits you but does no damage.
The rat bites you but does no damage. The hobgoblin hits you.
* * * LOW HITPOINT WARNING * * *
The rat bites you but does no damage. The hobgoblin hits you.
* * * LOW HITPOINT WARNING * * *
The rat closely misses you.
The hobgoblin hits you but does no damage.
The rat bites you.
* * * LOW HITPOINT WARNING * * *
The hobgoblin misses you.
The rat twitches its whiskers.
The rat bites you but does no damage. The hobgoblin closely misses you.
The rat misses you. The hobgoblin hits you.
You die...

...)....
##.#....^...............
......##.
.....................##
.......
####.###................
........ ....
...........#.. ..>...##
.# ...........##.
....... ###.
#............. ?###...
#..........##.
......r#####......†.###.
#g@..#......)...##.
####.#..........###
#............# #
###..........###
#...............
#.##........#...
##.###........... #..#
#########... #### #...


You could see a hobgoblin and a rat.

Vanquished Creatures
  2 ball pythons (D:1)
  2 endoplasms (D:1)
  3 goblins (D:1)
  A hobgoblin (D:1)
  2 kobolds (D:1)
  2 quokkas (D:1)
  A bat (D:1)
  A frilled lizard (D:1)
  2 rats (D:1)
16 creatures vanquished.

Notes
Turn   | Place    | Note
-------+----------+-------------------------------------------
     0 | D:1      | Silvore the Demonspawn Fighter began the quest for the Orb.
     0 | D:1      | Reached XP level 1. HP: 18/18 MP: 1/1
    57 | D:1      | Gained mutation: You are surrounded by a mild repulsion
                  | field. (EV +2) [demonic ancestry]
    57 | D:1      | Reached XP level 2. HP: 18/24 MP: 2/2
   600 | D:1      | Slain by a hobgoblin

Illustrated notes

Levels and vault maps discovered:
D:1:      spicycebolla_arrival_clurvy, layout_rooms, st_stairs_10

Skill      XL: |  1 |
---------------+----+-----
Long Blades    | 2 |  2.2
Fighting       | |  3.3
Armour         | |  2.8
Dodging        | |  0.1
Shields        | |  2.8

Action                     || total
---------------------------++-------
  Melee: Long sword        ||    50
 Armour: Scale mail        ||   192
  Dodge: Dodged            ||   137
  Block: Buckler           ||    63
